 Dungeon Crawl Stone Soup version 0.30-a0-368-g86fb4627a9 (webtiles) character file.

Game seed: 14143604780820611604

91 qeuew the Trooper (level 4, -3/35 HPs)
             Began as a Demonspawn Chaos Knight on Nov 18, 2022.
             Was a Plaything of Xom.
             Killed from afar by Natasha (5 damage)
             ... with a magic dart
             ... on level 2 of the Dungeon.
             The game lasted 00:02:11 (1418 turns).

qeuew the Trooper (Demonspawn Chaos Knight)         Turns: 1418, Time: 00:02:12

Health: -3/35      AC:  5    Str: 13 (14) XL:     4   Next: 33%
Magic:  4/4        EV: 11    Int: 14      God:    Xom [*.....]
Gold:   92         SH:  0    Dex: 12      Spells: 3/3 levels left

rFire   + . .      SeeInvis .    a - +0 hand axe (chaos)
rCold   . . .      Faith    .    (no shield)
rNeg    . . .      Spirit   .    b - +2 leather armour
rPois   .          Reflect  .    (no helmet)
rElec   .          Harm     .    (no cloak)
rCorr   .          Rampage  .    (no gloves)
Will    .....                    (no boots)
Stlth   +.........               (no amulet)
HPRegen 0.25/turn                k - ring of protection from fire
MPRegen 0.09/turn                (no ring)

@: slowed, very slow
A: claws 1, powered by death 1
a: Renounce Religion


You were on level 2 of the Dungeon.
You worshipped Xom.
You were a special plaything of Xom.
You visited 1 branch of the dungeon, and saw 2 of its levels.

You collected 92 gold pieces.

Inventory:

Hand Weapons
 a - a +0 hand axe of chaos (weapon)
Armour
 b - a +2 leather armour (worn)
Jewellery
 k - a ring of protection from fire (left claw)
Wands
 j - a wand of paralysis (8)
Scrolls
 d - 2 scrolls of teleportation {unknown}
 g - a scroll of butterflies {unknown}
 h - a scroll of amnesia {unknown}
 l - a scroll of identify
 m - a scroll of brand weapon {unknown}
Potions
 e - a potion of cancellation
 f - a potion of curing {unknown}
 i - a potion of brilliance
Miscellaneous
 c - a piece from Xom's chessboard (15/15) (quivered)


   Skills:
 + Level 3.5 Fighting
 + Level 3.0 Axes
 * Level 2.7 Armour
 + Level 1.6 Dodging
 + Level 1.4 Evocations


You had 3 spell levels left.
You didn't know any spells.
Your spell library contained the following spells:

 Spells                   Type           Power      Damage    Failure   Level
 Beastly Appendage        Tmut           0%         N/A       36%         1
 Wereblood                Tmut           0%         N/A       50%         2
 Hailstorm                Conj/Ice       0%         3d3       73%         3
 Spider Form              Tmut/Pois      0%         N/A       73%         3
 Ice Form                 Ice/Tmut       0%         N/A       98%         4
 Simulacrum               Ice/Necr       0%         N/A       100%        6


Dungeon Overview and Level Annotations

Branches:
Dungeon (2/15)

Altars:

Shops:
D:2 [

Annotations:
D:2 Natasha


Innate Abilities, Weirdness & Mutations

You have sharp fingernails.
You regenerate a little health from kills.


Message History

Natasha is heavily wounded.
Natasha falters for a moment.
The crimson imp blinks!
Unknown command.
You hit Natasha.
Natasha is heavily wounded.
Natasha barely misses you.
The crimson imp blinks!
Natasha casts a spell at you. The magic dart hits you.
You closely miss Natasha.
Natasha is heavily wounded.
You barely miss the crimson imp.
Natasha's magic is no longer disrupted.
The crimson imp closely misses you. Natasha claws you!
The crimson imp blinks!
Natasha claws you.
* * * LOW HITPOINT WARNING * * *
Unknown command.
You hit Natasha.
Natasha is almost dead.
Natasha stares at you and mumbles some strange words.
The magic dart hits you.
* * * LOW HITPOINT WARNING * * *
Unknown command.
You hit Natasha but do no damage.
Natasha is almost dead.
Natasha closely misses you. Natasha claws you.
* * * LOW HITPOINT WARNING * * *
Unknown command.
You closely miss Natasha.
Natasha is almost dead.
You hit the crimson imp but do no damage.
The crimson imp closely misses you. Natasha completely misses you.
The crimson imp hits you but does no damage.
Natasha stares at you and mumbles some strange words.
You resist with some effort.
You closely miss Natasha.
Natasha is almost dead.
You barely miss the crimson imp.
The crimson imp blinks!
Natasha stares at you and mumbles some strange words.
The magic dart hits you.
You die...
Xom thinks this is hilarious!

#. ....# ##... #. ....
##.... #. ... #.#
#..... #.##.# #...
#.#### #..†.## #.. #.#
#...!.# #..##.#
##.....####.....##
#..§.............##
#..@..###......†..##
#.†h..# #.........##
#.....# #.........##
#.....# #...........
#.....# #...........
#5....# ##.......##.
#.....# #.........#.
#.....###.........##
####.....#.#.....)..†..


You could see Natasha and a crimson imp (summoned).

Vanquished Creatures
  2 adders (D:2)
  A gnoll (D:1)
  3 worms (D:2)
  6 ball pythons
  5 endoplasms
  3 giant cockroaches
  4 goblins
  4 hobgoblins
  2 jackals (D:2)
  3 quokkas
  6 bats
  3 frilled lizards
  7 kobolds
  3 rats
52 creatures vanquished.

Notes
Turn   | Place    | Note
-------+----------+-------------------------------------------
     0 | D:1      | qeuew the Demonspawn Chaos Knight began the quest for the
                  | Orb.
     0 | D:1      | Reached XP level 1. HP: 18/18 MP: 1/1
    55 | D:1      | Reached skill level 1 in Dodging
    62 | D:1      | Gained mutation: You regenerate a little health from kills.
                  | [demonic ancestry]
    62 | D:1      | Reached XP level 2. HP: 12/24 MP: 2/2
   154 | D:1      | XOM: divination: detect items
   166 | D:1      | XOM: silly message
   377 | D:1      | XOM: divination: detect creatures
   552 | D:1      | Reached XP level 3. HP: 29/29 MP: 3/3
   571 | D:1      | Found a faded altar of an unknown god.
   610 | D:1      | Reached skill level 1 in Evocations
   696 | D:1      | XOM: divination: detect creatures
  1069 | D:2      | Found Coqeq's Antique Armour Shop.
  1083 | D:2      | XOM: divination: magic mapping
  1089 | D:2      | Gained mutation: You have sharp fingernails. [demonic
                  | ancestry]
  1089 | D:2      | Reached XP level 4. HP: 35/35 MP: 4/4
  1399 | D:2      | Noticed Natasha
  1402 | D:2      | XOM: swap monsters
  1409 | D:2      | XOM: stat loss: -1 Str (13/14)
  1418 | D:2      | Killed from afar by Natasha

Illustrated notes

Levels and vault maps discovered:
D:1:      tarquinn_simple_flora_water_f, layout_loops_ring,
          shapermc_ecumenical_altar_notcrosses
D:2:      layout_rooms, serial_shops, shop,
          nicolae_concentric_dashed_squares_wild, hex_tiny,
          grunt_decor_junction, minmay_misc_feat_tower, minmay_hexomino_c4,
          uniq_natasha

Skill      XL: |  1  2  3 |
---------------+----------+-----
Dodging        | 1 |  1.6
Armour         | 2 |  2.7
Evocations     | 1 |  1.4
Axes           | 3 |  3.0
Fighting       | |  3.5

Action                   |  1- 3 |  4- 6 || total
-------------------------+-------+-------++-------
Melee: Hand axe          |   103 |    44 ||   147
  Use: Scroll            |     6 |       ||     6
 Stab: Paralysed         |     1 |     1 ||     2
       Petrified         |     2 |       ||     2
Armor: Leather armour    |    51 |    23 ||    74
Dodge: Dodged            |    57 |    34 ||    91

Table legend: (Time is in decaauts)
 A = Elapsed time spent in this place.
 B = Non-inter-level travel time spent in this place.
 C = Inter-level travel time spent in this place.
 D = Time resting spent in this place.
 E = Time spent auto-exploring this place.
 F = Levels seen in this place.
 G = Mean time per level.
                   A        B        C        D        E       F      G
               +--------+--------+--------+--------+--------+-----+--------+
         Total |   1446 |   1389 |     57 |     44 |   1022 |   2 |  723.0 |
       Dungeon |   1446 |   1389 |     57 |     44 |   1022 |   2 |  723.0 |
               +--------+--------+--------+--------+--------+-----+--------+

Top non-repeatable levels by time:
     D:1: 915 daAuts
     D:2: 531 daAuts
